Map: 프리온 단구

Players

llllllllllll (Scarlett)

  • Race: Zerg Zerg
  • League: Grandmaster

IIIIIlllllll - Winner!

  • Race: Zerg Zerg
  • League: Grandmaster

VOD

Have the link to the VOD?

Description

Time

  • Played on: April 13, 2016, 8:52 a.m.
  • Length: 10:00
Show
View Real Time Build Order
Export as new Build Order

llllllllllll Zerg 

Build Orders: Pool First 

Get SALT Encoding   

  12  0:00  Drone  
  13  0:20  Spawning Pool  
  12  0:26  Drone  
  13  0:31  Drone  
  14  0:37  Extractor, Drone  
  15  0:42  Overlord  
  15  1:07  Zergling x4  
  15  1:09  Zergling x2  
  18  1:15  Hatchery  
  17  1:23  Zergling x2  
  18  1:30  Queen  
  20  1:33  Zergling x2  
  21  1:46  Overlord  
  21  1:53  Zergling x2  
  22  2:06  Queen, Drone  
  25  2:19  Drone  
  22  2:37  Drone x3  
  22  2:38  Queen  
  26  2:54  Overlord, Drone  
  26  2:55  Drone x3  
  26  2:56  Queen  
  32  3:04  Spine Crawler  
  31  3:06  Drone x2  
  33  3:17  Drone x4  
  37  3:21  Drone  
  38  3:33  Overlord, Drone  
  39  3:35  Extractor  
  39  3:37  Queen, Extractor  
  39  3:48  Drone x5  
  44  3:59  Hatchery  
  43  4:10  Overlord, Drone x6  
  51  4:20  Overlord x2, Drone x2  
  51  4:21  Extractor x2  
  49  4:25  Hatchery  
  48  4:33  Drone x2  
  48  4:37  Roach Warren  
  49  4:43  Overlord  
  49  4:44  Drone x5  
  54  4:46  Evolution Chamber  
  54  4:52  Drone  
  54  4:53  Lair, Drone x2  
  56  5:05  Drone  
  56  5:06  Drone x2  
  59  5:11  Zerg Missile Weapons Level 1  
  59  5:14  Drone  
  59  5:15  Drone x3  
  63  5:27  Drone  
  63  5:28  Drone x3  
  66  5:42  Overlord  
  66  5:44  Drone  
  66  5:45  Drone x3  
  66  5:47  Extractor  
  66  5:48  Drone  
  70  5:51  Extractor, Roach x2, Glial Reconstitution  
  70  5:53  Overseer  
  70  5:56  Drone  
  74  5:59  Roach  
  74  6:00  Roach x2, Spire  
  74  6:04  Roach x5  
  81  6:11  Roach x3  
  95  6:15  Overseer  
  95  6:17  Roach  
  97  6:19  Overlord x2  
  97  6:22  Ravager  
  97  6:23  Overlord x2  
  98  6:39  Roach x8  
  114  6:50  Roach x6  
  126  7:09  Drone  
  126  7:11  Hatchery, Baneling Nest  
  126  7:12  Mutalisk x2  
  126  7:14  Overlord x8  
  129  7:21  Zerg Missile Weapons Level 2  
  129  7:33  Mutalisk x3  
  135  7:38  Zergling x2  
  135  7:39  Zergling x14  
  145  7:51  Roach x2  
  145  7:52  Roach x4  
  151  8:02  Corruptor x3  
  151  8:04  Corruptor x3  
  152  8:15  Corruptor  
  152  8:18  Zergling x6  
  120  8:28  Corruptor x2  
  120  8:29  Queen x3  
  114  8:43  Spore Crawler  
  114  8:46  Spore Crawler  
  114  8:47  Corruptor x3  
  113  8:48  Spore Crawler  
  113  8:49  Drone x3  
  113  8:51  Spore Crawler  
  106  8:56  Corruptor  
  106  8:57  Corruptor  
  106  8:59  Roach  
  106  9:00  Roach x2  
  105  9:10  Drone x6  
  111  9:21  Roach x6  
  111  9:22  Roach x2  
  125  9:34  Roach  
  125  9:35  Roach x3  
  133  9:38  Roach  
  133  9:39  Roach x2  
Show
View Real Time Build Order
Export as new Build Order

IIIIIlllllll Zerg - Winner!

Build Orders: 3 Hatch before Pool 

Get SALT Encoding   

  12  0:00  Drone  
  13  0:12  Overlord  
  13  0:17  Drone  
  14  0:31  Drone x2  
  14  0:34  Drone  
  17  0:52  Hatchery  
  17  0:55  Drone  
  17  0:58  Drone  
  18  1:18  Hatchery  
  18  1:21  Drone  
  18  1:24  Drone  
  19  1:26  Extractor  
  18  1:38  Spawning Pool  
  17  1:44  Drone  
  17  1:45  Drone  
  19  1:59  Drone  
  20  2:02  Drone  
  20  2:06  Drone  
  20  2:25  Zergling x6  
  20  2:26  Zergling x2  
  23  2:35  Zergling x2  
  18  2:47  Drone  
  18  2:48  Drone x2  
  21  2:51  Drone  
  21  2:58  Overlord  
  22  3:06  Drone  
  22  3:07  Drone  
  22  3:09  Drone  
  24  3:16  Drone x3  
  24  3:19  Drone  
  28  3:22  Drone  
  30  3:27  Drone  
  30  3:31  Overlord  
  30  3:39  Queen  
  32  3:43  Queen  
  34  3:52  Drone x3  
  34  3:54  Drone  
  38  3:58  Drone  
  38  4:01  Drone  
  38  4:02  Drone x2  
  41  4:11  Overlord  
  41  4:17  Roach Warren  
  41  4:19  Extractor, Drone  
  41  4:21  Overlord  
  40  4:27  Queen  
  40  4:30  Drone x5  
  45  4:39  Drone x3  
  45  4:40  Evolution Chamber  
  45  4:41  Lair  
  47  4:45  Drone  
  47  4:46  Drone  
  47  4:49  Drone  
  47  4:50  Extractor  
  47  4:52  Zergling x2  
  49  4:53  Drone  
  49  4:54  Drone x4  
  49  4:56  Extractor  
  49  4:57  Extractor  
  52  5:02  Overlord x2  
  52  5:03  Overlord  
  52  5:09  Zerg Missile Weapons Level 1  
  52  5:13  Roach  
  52  5:14  Roach x2  
  58  5:20  Overlord x2  
  58  5:22  Roach x2  
  58  5:23  Roach  
  64  5:31  Roach, Drone  
  64  5:32  Roach x3  
  64  5:35  Overlord  
  73  5:38  Glial Reconstitution  
  73  5:40  Overseer  
  73  5:42  Drone x2  
  75  5:44  Drone  
  76  5:51  Spire, Drone  
  76  5:52  Extractor  
  76  5:56  Drone x3  
  78  6:01  Drone  
  78  6:17  Drone x3  
  81  6:20  Hatchery  
  81  6:22  Overlord x4  
  80  6:49  Overseer  
  80  6:55  Drone x2  
  82  7:04  Extractor, Mutalisk x11  
  103  7:09  Extractor, Zerg Flyer Armor Level 1  
  103  7:12  Drone x4  
  103  7:13  Overlord  
  106  7:15  Mutalisk  
  106  7:21  Mutalisk  
  110  7:24  Drone x6  
  110  7:29  Mutalisk  
  116  7:34  Mutalisk  
  116  7:36  Overlord x2  
  120  7:40  Queen  
  120  7:41  Mutalisk  
  120  7:43  Mutalisk  
  126  7:45  Drone  
  126  7:50  Mutalisk  
  129  7:51  Overlord  
  129  7:53  Overlord  
  129  7:56  Mutalisk  
  131  8:06  Roach x7  
  131  8:08  Hatchery  
  136  8:22  Roach x8  
  142  8:37  Mutalisk x3  
  147  8:41  Mutalisk  
  147  8:47  Drone x3  
  152  8:50  Drone  
  152  8:52  Mutalisk x2  
  157  8:56  Extractor  
  157  8:58  Overlord x4  
  157  9:01  Ravager  
  157  9:02  Ravager  
  156  9:12  Drone x3  
  156  9:13  Drone x3  
  162  9:21  Roach x8  
  173  9:24  Ravager x3  
  173  9:26  Drone x2  
  173  9:27  Drone  
  173  9:28  Drone  
  173  9:30  Extractor  
  178  9:31  Ravager  
  178  9:33  Ravager  
  178  9:34  Roach x2  
  178  9:35  Extractor  
Tags
 
Add a new tag
Caveats
  • Supply blocks, unpowered buildings, or Contaminate may cause inaccurate times.
  • Supply counts are checked every 10 seconds.